 Dungeon Crawl Stone Soup version 0.21-a0-507-ga8f6b7a (webtiles) character file.

196 slep the Poker (level 5, -10/26 HPs)
             Began as a Vine Stalker Gladiator on Nov 28, 2017.
             Mangled by an ogre
             ... wielding a +0 giant club
              (15 damage)
             ... on level 2 of the Dungeon.
             The game lasted 00:08:59 (1683 turns).

slep the Poker (Vine Stalker Gladiator)             Turns: 1683, Time: 00:09:00

Health: -10/26     AC:  5    Str: 16    XL:     5   Next: 75%
Magic:  0/6        EV: 13    Int:  8    God:
Gold:   118        SH:  0    Dex: 17    Spells: 4/4 levels left

rFire    . . .     SeeInvis .   a - +0 trident
rCold    + . .     Gourm    .   (no shield)
rNeg     . . .     Faith    .   b - +0 leather armour
rPois    .         Spirit   +   c - +0 helmet
rElec    .         Reflect  .   (no cloak)
rCorr    .         Harm     .   j - +0 pair of gloves
MR       .....                  (no boots)
Stlth    +.........             (no amulet)
HPRegen  0.48/turn              w - ring of protection from cold
MPRegen  0.10/turn              y - ring of wizardry

@: no status effects
A: fangs 2, regeneration 1, magic shield, antimagic bite, no potion heal 3, rot
immunity
a: no special abilities


You were on level 2 of the Dungeon.
You were not hungry.

You visited 1 branch of the dungeon, and saw 3 of its levels.

You collected 118 gold pieces.

Inventory:

Hand Weapons
 a - a +0 trident (weapon)
Missiles
 d - 3 throwing nets (quivered)
 l - 10 poisoned needles
Armour
 b - a +0 leather armour (worn)
 c - a +0 helmet (worn)
 j - a +0 pair of gloves (worn)
Jewellery
 w - a ring of protection from cold (left hand)
 x - a +2 amulet of reflection {unknown}
 y - a ring of wizardry (right hand)
Wands
 p - a wand of iceblast (5)
Scrolls
 e - 2 scrolls of identify {unknown}
 m - 2 scrolls of enchant armour {unknown}
 n - a scroll of random uselessness {unknown}
 o - a scroll of blinking {unknown}
 q - a scroll of remove curse {unknown}
 s - a scroll of teleportation {unknown}
 t - a scroll of noise {unknown}
 A - a scroll of fog {unknown}
Potions
 g - a potion of cancellation {unknown}
 h - a potion of lignification {unknown}
 i - 4 potions of heal wounds {unknown}
 k - a potion of agility {unknown}
 r - a potion of ambrosia {unknown}
 u - a potion of mutation {unknown}
Comestibles
 f - 3 bread rations
 v - a meat ration
 z - a chunk of flesh


   Skills:
 + Level 2.1 Fighting
 + Level 4.9 Polearms
 + Level 1.7 Throwing
 + Level 1.2 Armour
 + Level 2.9 Dodging
 + Level 0.2 Stealth


You had 4 spell levels left.
You didn't know any spells.

Dungeon Overview and Level Annotations

Branches:
Dungeon (3/15)

Altars:
Elyvilon
Kikubaaqudgha
Qazlal
Yredelemnul


Innate Abilities, Weirdness & Mutations

You have extremely sharp teeth.
Your natural rate of healing is unusually fast.
When hurt, damage is shared between your health and your magic reserves.
Your bite disrupts and absorbs the magic of your enemies.
Potions cannot restore your health.
You are immune to rotting.


Message History

You butcher the rat corpse.
z - a chunk of flesh You see here a rat skeleton.
A - a scroll labeled VENERU MEAZEBA
There is a stone staircase leading down here.
The ogre is too close now for your liking.
A dart slug comes into view.
The ogre barely misses you. The dart slug launches a dart at you.
The slug dart misses you.
You hit the ogre.
The ogre is lightly wounded.
The ogre hits you with a giant club!!
Ouch! That really hurt!
* * * LOW HITPOINT WARNING * * *
You hit the ogre. You bite the ogre, but do no damage.
The ogre is moderately wounded.
The ogre hits you with a giant club!
Ouch! That really hurt!
You die...

##.# #.# #.##......#......##..##
#..# #.# #.###..........#####...
..#####.###.....##.....#....#####
............#######....####.#
...####.###..# #....# #.# ..##
##.# ##.# #....## #.# ..# #..#
##..#####.....# #.# ..# #.##
#...........#.###.##### ### #.#
#.....@###..#..##.....# #.#
#.....O# #...#..#####.# ######.#
#......# #.#........... ....#..#
#......###.##...######. ......##
#...w..#......#.# #. ....###
#......#......#.# #. .)..###
########......### #.
......############......# ##
....#...................# #


You could see an ogre and a dart slug.

Vanquished Creatures
  An orc priest (D:3)
  An orc wizard (D:3)
  5 adders
  2 oozes
  A worm (D:2)
  A dart slug (D:1)
  A leopard gecko (D:2)
  11 orcs (D:3)
  4 bats
  3 giant cockroaches
  2 gnoll zombies (D:3)
  5 goblins
  7 hobgoblins
  4 jackals (D:2)
  8 kobolds
  2 quokkas (D:3)
  3 frilled lizards (D:3)
  15 rats
76 creatures vanquished.

Notes
Turn   | Place    | Note
-------+----------+-------------------------------------------
     0 | D:1      | slep the Vine Stalker Gladiator began the quest for the Orb.
     0 | D:1      | Reached XP level 1. HP: 11/11 MP: 2/2
    59 | D:1      | Reached skill level 3 in Polearms
    59 | D:1      | Reached XP level 2. HP: 13/15 MP: 3/3
   414 | D:2      | Reached XP level 3. HP: 11/18 MP: 1/4
   533 | D:2      | Gained mutation: Your natural rate of healing is unusually fast. [Vine Stalker growth]
   533 | D:2      | Reached XP level 4. HP: 12/23 MP: 5/5
   535 | D:2      | Reached skill level 4 in Polearms
   601 | D:2      | Found an ancient bone altar of Kikubaaqudgha.
   603 | D:2      | Found a stormy altar of Qazlal.
   688 | D:2      | Noticed an ogre
   918 | D:3      | Reached skill level 1 in Armour
   959 | D:3      | Reached XP level 5. HP: 25/26 MP: 6/6
  1140 | D:3      | Found a white marble altar of Elyvilon.
  1362 | D:3      | Found a basalt altar of Yredelemnul.
  1683 | D:2      | Mangled by an ogre

Vault maps used:
D:1:      dpeg_arrival_shrine
D:2:      nicolae_overflow_hidden_temple, first_bread
D:3:      old_standard_altar, lemuel_zombie_altar_yredelemnul

Skill      XL: |  1  2  3  4  5 |
---------------+----------------+-----
Polearms       | 3 4 |  4.9
Armour         | 1 |  1.2
Fighting       | 2 |  2.1
Throwing       | |  1.7
Dodging        | |  2.9
Stealth        | |  0.2

Action                   |  1- 3 |  4- 6 || total
-------------------------+-------+-------++-------
Melee: Trident           |    89 |   140 ||   229
       Bite              |    28 |    33 ||    61
 Stab: Sleeping          |       |     1 ||     1
  Eat: Chunk             |       |     3 ||     3
Armor: Leather armour    |    32 |    15 ||    47
Dodge: Dodged            |    59 |    86 ||   145

Table legend:
 A = Spawn XP
 B = Non-spawn XP
 C = Spawn XP percentage of total XP
 D = Spawn monster count
 E = Non-spawn monster count
 F = Spawn count percentage of total count
 G = Total turns spent on level
                    A         B        C        D         E        F      G
               +---------+---------+-------+---------+---------+-------+---------
         Total |       0 |     281 |   0.0 |       0 |      76 |   0.0 |  1683
               +---------+---------+-------+---------+---------+-------+---------
           D:1 |       0 |      27 |   0.0 |       0 |      12 |   0.0 |   388
           D:2 |       0 |      69 |   0.0 |       0 |      27 |   0.0 |   505
           D:3 |       0 |     185 |   0.0 |       0 |      37 |   0.0 |   790
               +---------+---------+-------+---------+---------+-------+---------
